 Dungeon Crawl Stone Soup version 0.21.0-3-g78d12a8 (webtiles) character file.

79 MDvedh the Conjurer (level 4, -1/23 HPs)
             Began as a Vine Stalker Conjurer on Jan 10, 2018.
             Was an Initiate of Ru.
             Blown up by Ijyb (11 damage)
             ... with a wand of disintegration (11)
             ... on level 3 of the Dungeon.
             The game lasted 00:03:29 (2448 turns).

MDvedh the Conjurer (Vine Stalker Conjurer)         Turns: 2448, Time: 00:03:29

Health: -1/23      AC:  4    Str: 11 (12) XL:     4   Next: 38%
Magic:  0/8        EV: 12    Int: 13 (15) God:    Ru [......]
Gold:   167        SH:  0    Dex: 14      Spells: 6/7 levels left

rFire    . . .     SeeInvis .   h - +0 mace
rCold    . . .     Gourm    .   (no shield)
rNeg     . . .     Faith    .   a - +0 robe
rPois    .         Spirit   +   (no helmet)
rElec    .         Reflect  .   (no cloak)
rCorr    .         Harm     .   (no gloves)
MR       .....                  p - +1 pair of boots
Stlth    ++........             (no amulet)
HPRegen  0.47/turn              (no ring)
MPRegen  0.11/turn              (no ring)

@: no status effects
A: fangs 2, regeneration 1, magic shield, antimagic bite, no potion heal 3, rot
immunity
a: Renounce Religion


You were on level 3 of the Dungeon.
You worshipped Ru.
Ru was noncommittal.
You were not hungry.

You visited 1 branch of the dungeon, and saw 3 of its levels.

You collected 167 gold pieces.

Inventory:

Hand Weapons
 d - a +0 dagger
 h - a +0 mace (weapon)
Armour
 a - a +0 robe (worn)
 p - a +1 pair of boots (worn)
Jewellery
 e - an uncursed amulet of rage {unknown}
Scrolls
 f - 6 scrolls of teleportation {unknown}
 g - a scroll of fear {unknown}
 i - a scroll of blinking {unknown}
 j - 2 scrolls of fog {unknown}
 k - 2 scrolls of amnesia {unknown}
 m - 3 scrolls of identify {unknown}
 n - 2 scrolls of remove curse {unknown}
 o - a scroll of immolation {unknown}
 q - a scroll of noise {unknown}
Potions
 s - a potion of brilliance {unknown}
 t - a potion of agility {unknown}
Books
 b - a book of Conjurations

   Spells                             Type                      Level
   a - Magic Dart                     Conjuration                  1
   b - Searing Ray                    Conjuration                  2
   c - Dazzling Spray                 Conjuration/Hexes            3
   d - Fulminant Prism                Conjuration/Hexes            4
   e - Force Lance                    Conjuration/Translocation    4
   f - Iskenderun's Mystic Blast      Conjuration                  4
 r - a book of the Sky

   Spells                             Type                      Level
   a - Summon Lightning Spire         Summoning/Air                4
   b - Silence                        Hexes/Air                    5
   c - Deflect Missiles               Charms/Air                   6
   d - Conjure Ball Lightning         Conjuration/Air              6
   e - Tornado                        Air                          9
Comestibles
 c - 4 rations
 l - a chunk of flesh


   Skills:
 * Level 2.1 Fighting
 * Level 1.8 Armour
 + Level 2.1 Dodging
 - Level 2.4 Stealth
 - Level 2.1 Spellcasting
 - Level 4.0 Conjurations


You had 6 spell levels left.
You knew the following spells:

 Your Spells              Type           Power        Failure   Level  Hunger
a - Magic Dart            Conj           ##..         4%          1    ##.....


Dungeon Overview and Level Annotations

Branches:
Dungeon (3/15)

Altars:
Ashenzari
Fedhas
Ru
Vehumet

Annotations:
D:3 Ijyb


Innate Abilities, Weirdness & Mutations

You have extremely sharp teeth.
Your natural rate of healing is unusually fast.
When hurt, damage is shared between your health and your magic reserves.
Your bite disrupts and absorbs the magic of your enemies.
Potions cannot restore your health.
You are immune to rotting.


Message History

Ijyb is moderately wounded.
Ijyb hits you with a club.
You hit Ijyb but do no damage.
Ijyb is moderately wounded.
Ijyb screams, "Me kill you!" Ijyb hits you with a club.
Ijyb hits you but does no damage.
You hit Ijyb but do no damage. You bite Ijyb. You drain her power.
You feel invigorated.
Ijyb is moderately wounded.
Ijyb closely misses you.
You closely miss Ijyb. Your bite misses Ijyb.
Ijyb is moderately wounded.
Ijyb hits you with a club.
You hit Ijyb. You bite Ijyb, but do no damage.
Ijyb is heavily wounded.
Ijyb hits you but does no damage.
You hit Ijyb but do no damage. You bite Ijyb, but do no damage.
Ijyb is heavily wounded.
Ijyb hits you with a club.
Ijyb zaps a wand.
You are blasted!
You die...

........... #.............#
.og...... #..(..........###
#####.......
#................
.........#.#
#................
........)...
#................
.........#.#
#................
........##.#
#..........†.....
#...##.######................
#.##>......g@................
#....########)......(.....###
###..........................
...#########.............###
#.## #############...# #.
#..... # #..).. #..... #.....


You could see Ijyb.

Vanquished Creatures
  3 adders
  A dart slug (D:3)
  2 leopard geckos
  3 bats
  A giant cockroach (D:3)
  8 goblins
  5 hobgoblins
  11 kobolds
  2 quokkas (D:2)
  3 ball pythons (D:2)
  4 frilled lizards
  6 rats
49 creatures vanquished.

Notes
Turn   | Place    | Note
-------+----------+-------------------------------------------
     0 | D:1      | MDvedh the Vine Stalker Conjurer began the quest for the Orb.
     0 | D:1      | Reached XP level 1. HP: 9/9 MP: 4/4
   616 | D:1      | Reached XP level 2. HP: 14/14 MP: 4/6
   654 | D:1      | Reached skill level 1 in Fighting
  1016 | D:2      | Found a shattered altar of Ashenzari.
  1030 | D:2      | Reached skill level 1 in Armour
  1303 | D:2      | Reached XP level 3. HP: 7/18 MP: 0/7
  1560 | D:2      | Found a blossoming altar of Fedhas.
  2119 | D:2      | Gained mutation: Your natural rate of healing is unusually fast. [Vine Stalker growth]
  2119 | D:2      | Reached XP level 4. HP: 19/23 MP: 8/8
  2165 | D:2      | Found a radiant altar of Vehumet.
  2165 | D:2      | Found a sacrificial altar of Ru.
  2216 | D:2      | Became a worshipper of Ru the Awakened
  2426 | D:3      | Noticed Ijyb
  2448 | D:3      | Blown up by Ijyb

Skill      XL: |  1  2  3  4 |
---------------+-------------+-----
Fighting       | 1 2 |  2.1
Armour         | 1 |  1.8
Dodging        | 2 |  2.1
Stealth        | |  2.4
Spellcasting   | |  2.1
Conjurations   | |  4.0

Action                   |  1- 3 |  4- 6 || total
-------------------------+-------+-------++-------
Melee: Mace              |    70 |    39 ||   109
       Bite              |    13 |     6 ||    19
 Cast: Magic Dart        |    15 |    10 ||    25
  Use: Potion            |     2 |       ||     2
 Stab: Sleeping          |     1 |       ||     1
  Eat: Chunk             |     4 |     1 ||     5
Armor: Robe              |    14 |    11 ||    25
Dodge: Dodged            |    73 |    32 ||   105
